 Dungeon Crawl Stone Soup version 0.18-a0-845-gc59c8fa (webtiles) character file.

153 Proton the Insei (level 5, 0/28 HPs)
             Began as a Vine Stalker Monk on Dec 20, 2015.
             Succumbed to an orc wizard's poison
             ... on level 3 of the Dungeon.
             The game lasted 00:03:16 (1562 turns).

Proton the Insei (Vine Stalker Monk)                Turns: 1562, Time: 00:03:16

Health: 0/28       AC:  6    Str: 13 (15) XL:     5   Next: 35%
Magic:  0/6        EV: 12    Int: 10      God:
Gold:   106        SH:  0    Dex: 16      Spells: 0 memorised, 4 levels left

rFire  . . .     SeeInvis .       - Unarmed
rCold  . . .     Gourm    .     f - +0 ring mail (curse)
rNeg   . . .     Faith    .     (no shield)
rPois  .         Spirit   +     i - +0 helmet
rElec  .         Dismiss  .     (no cloak)
rCorr  .         Reflect  .     (no gloves)
SustAt .         Harm     .     (no boots)
MR     .....     Rnd*Tele +     (no amulet)
Stlth  ++........               j - ring of teleportation (curse)
                                g - -3 ring of slaying (curse)

@: lethally poisoned (0 -> -8), not resistant to hostile enchantments,
unstealthy
A: fangs 2, regeneration 1, magic shield, antimagic bite, no device heal 3, rot
immunity
a: Evoke Teleportation


You were on level 3 of the Dungeon.
You were not hungry.

You visited 1 branch of the dungeon, and saw 3 of its levels.

You collected 106 gold pieces.

Inventory:

Armour
 f - a cursed +0 ring mail (worn)
 i - a +0 helmet (worn)
Jewellery
 g - a cursed -3 ring of slaying (left hand)
 j - a cursed ring of teleportation (right hand)
Scrolls
 c - 2 scrolls of noise {unknown}
 d - 2 scrolls of blinking {unknown}
 e - a scroll of fear {unknown}
Potions
 a - a potion of cure mutation {unknown}
Comestibles
 b - 4 bread rations


   Skills:
 + Level 3.3 Fighting
 + Level 1.5 Armour
 + Level 2.9 Dodging
 - Level 2.4 Stealth
 * Level 5.2 Unarmed Combat


You had 4 spell levels left.
You didn't know any spells.

Dungeon Overview and Level Annotations

Branches:
Dungeon (3/15)

Altars:
Makhleb


Innate Abilities, Weirdness & Mutations

You have extremely sharp teeth.
Your natural rate of healing is unusually fast.
When hurt, damage is shared between your health and your magic reserves.
Your bite disrupts and absorbs the magic of your enemies.
Potions and wands cannot restore your health.
You are immune to rotting.


Message History

The orc wizard blinks!
Things that are here:
16 stones; an orc corpse You barely miss the orc wizard.
Your bite misses the orc wizard.
The orc wizard is moderately wounded.
You feel sick. The orc wizard barely misses you. The orc hits you with a flail!
* * * LOW HITPOINT WARNING * * *
You hit the orc wizard.
The orc wizard is severely wounded.
The orc wizard hits you but does no damage.
You are lethally poisoned!
The orc barely misses you.
The orc wizard hits you with a dagger of venom.
* * * LOW HITPOINT WARNING * * *
You are more poisoned.
Drink which item? (? for menu, Esc to quit)
It was a potion of degeneration.
There was something very wrong with that liquid.
You feel weakened.
You die...

##### #### #...
...###############.########
...............o@o........ .
...............###.####.##..
...............'(((.......?.
...............###(#........
...............# #..)......#
...............# ###...###.#
.....########### #...#
.....######### #...#
.(...........# #...#


You could see an orc wizard and an orc.

Vanquished Creatures
  Ijyb (D:2)
  Terence (D:2)
  Robin (D:2)
  2 gnolls
  2 adders
  A giant gecko (D:2)
  2 orcs (D:3)
  7 bats
  9 goblins
  9 hobgoblins
  4 jackals (D:3)
  A quokka (D:2)
  2 giant cockroaches (D:2)
  3 giant newts
  3 kobolds
  3 rats
51 creatures vanquished.

Notes
Turn   | Place    | Note
--------------------------------------------------------------
     0 | D:1      | Proton the Vine Stalker Monk began the quest for the Orb.
     0 | D:1      | Reached XP level 1. HP: 11/11 MP: 2/2
   146 | D:1      | Reached XP level 2. HP: 16/16 MP: 3/3
   499 | D:1      | Reached skill level 1 in Armour
   499 | D:1      | Reached XP level 3. HP: 19/19 MP: 4/4
   843 | D:2      | Found a burning altar of Makhleb.
   983 | D:2      | Noticed Ijyb
  1004 | D:2      | Killed Ijyb
  1004 | D:2      | Reached XP level 4. HP: 19/24 MP: 5/5
  1083 | D:2      | Noticed Terence
  1108 | D:2      | Killed Terence
  1149 | D:2      | Noticed Robin
  1183 | D:2      | Killed Robin
  1183 | D:2      | Reached skill level 5 in Unarmed Combat
  1183 | D:2      | Reached XP level 5. HP: 23/28 MP: 4/6
  1561 | D:3      | HP: 1/28 [orc wizard/dagger of venom (2)]
  1562 | D:3      | Succumbed to an orc wizard's poison

Vault maps used:
D:1:      minmay_arrival_diagonal_passages, amethyst_killhole,
          minmay_stone_trees_large
D:2:      bloody_makhleb, uniq_iyjb, uniq_robin, uniq_terence
D:3:      lemuel_crystal_altar, first_bread

Action                   |  1- 3 |  4- 6 || total
-------------------------+-------+-------++-------
Melee: Unarmed           |   128 |   138 ||   266
  Use: Potion            |       |     1 ||     1
 Stab: Sleeping          |     1 |     1 ||     2
  Eat: Meat ration       |       |     1 ||     1
